| TOP OF THE 1ST |
|
Duluth-Superior Dukes batting - Pitching for Huron Cubs : RHP Carlos Gil
|
|
Pitching: RHP Carlos Gil
|
|
|
Batting: RHB Hector Cervantes
|
0-0: Ball 1-0: Ground out 5-3 (Groundball, 56, EV 88.8 MPH)
|
|
Batting: RHB Jim Ferguson
|
0-0: Swinging Strike 0-1: Ball 1-1: SINGLE (Line Drive, 7S, EV 97.5 MPH)
|
|
Batting: RHB Ricky Sheetz
|
0-0: Ball 1-0: Ball 2-0: Called Strike 2-1: Ball Wild Pitch! Jim Ferguson to second 3-1: Called Strike 3-2: Strikes out swinging
|
|
Batting: LHB Ralph Bryant
|
0-0: Called Strike 0-1: DOUBLE (Flyball, 8RXD, EV 107.5 MPH) Jim Ferguson scores
|
|
Batting: RHB Leo Vargas
|
0-0: Ball 1-0: Ground out 4-3 (Groundball, 4, EV 81.3 MPH)
|
| Top of the 1st over - 1 run, 2 hits, 0 errors, 1 left on base; Duluth-Superior 1 - Huron 0 |
| BOTTOM OF THE 1ST |
|
Huron Cubs batting - Pitching for Duluth-Superior Dukes : RHP William Mills
|
|
Pitching: RHP William Mills
|
|
|
Batting: LHB Gary Varsho
|
0-0: SINGLE (Groundball, 56S, EV 64.4 MPH) (infield hit)
|
|
Batting: RHB Ivan Calderon
|
0-0: Ball Gary Varsho steals 2nd base 1-0: Fly out, F9 (Flyball, 9S, EV 84.4 MPH)
|
|
Batting: RHB Mark Carreon
|
0-0: Ball 1-0: Fly out, F8 (Flyball, 8RS, EV 85.0 MPH)
|
|
Batting: RHB Greg Zunino
|
0-0: Ball 1-0: Ball 2-0: Ball 3-0: Base on Balls
|
|
Batting: RHB Mike Stellern
|
0-0: Ball 1-0: Fly out, F7 (Line Drive, 7, EV 86.9 MPH)
|
| Bottom of the 1st over - 0 runs, 1 hit, 0 errors, 2 left on base; Duluth-Superior 1 - Huron 0 |
| TOP OF THE 2ND |
|
Duluth-Superior Dukes batting - Pitching for Huron Cubs : RHP Carlos Gil
|
|
Batting: SHB Garry Humpston
|
0-0: SINGLE (Line Drive, 3D, EV 94.4 MPH)
|
|
Batting: RHB Pete Rice
|
0-0: Ball 1-0: Ball 2-0: Foul Ball, location: 2F 2-1: Fly out, F8 (Flyball, 89D, EV 91.3 MPH)
|
|
Batting: RHB Gary Hinson
|
0-0: Called Strike 0-1: Ball 1-1: Foul Ball, location: 2F 1-2: Foul Ball, location: 2F 1-2: Foul Ball, location: 2F 1-2: Foul Ball, location: 2F 1-2: Strikes out swinging
|
|
Batting: RHB Cecil Whitehead
|
0-0: Ball 1-0: DOUBLE (Flyball, 8LXD, EV 108.8 MPH) Garry Humpston to third
|
|
Batting: RHB Hector Cervantes
|
0-0: Called Strike 0-1: Ground out 5-3 (Groundball, 5, EV 100.0 MPH)
|
| Top of the 2nd over - 0 runs, 2 hits, 0 errors, 2 left on base; Duluth-Superior 1 - Huron 0 |
| BOTTOM OF THE 2ND |
|
Huron Cubs batting - Pitching for Duluth-Superior Dukes : RHP William Mills
|
|
Batting: RHB Phillip Wilson
|
0-0: Ball 1-0: Ball 2-0: Swinging Strike 2-1: Ball 3-1: SINGLE (Flyball, 4MD, EV 93.8 MPH)
|
|
Batting: SHB Keith Smith
|
0-0: Ball Phillip Wilson steals 2nd base 1-0: Ball 2-0: Foul Ball, location: 2F 2-1: Ground out 4-3 (Groundball, 4, EV 101.9 MPH) Phillip Wilson to third
|
|
Batting: RHB Scot Holliday
|
0-0: Ball 1-0: Called Strike 1-1: Fly out, F7 (Line Drive, 7D, EV 91.3 MPH) Runner from 3rd tags up, SCORES, no throw by LF
|
|
Batting: SHB Chris Pittaro
|
0-0: Called Strike 0-1: Called Strike 0-2: Foul Ball, location: 2F 0-2: Ball 1-2: Ball 2-2: Ground out 1-3 (Groundball, 15S, EV 74.4 MPH)
|
| Bottom of the 2nd over - 1 run, 1 hit, 0 errors, 0 left on base; Duluth-Superior 1 - Huron 1 |
| TOP OF THE 3RD |
|
Duluth-Superior Dukes batting - Pitching for Huron Cubs : RHP Carlos Gil
|
|
Batting: RHB Jim Ferguson
|
0-0: Called Strike 0-1: Ground out 5-3 (Groundball, 5S, EV 88.8 MPH)
|
|
Batting: RHB Ricky Sheetz
|
0-0: Ball 1-0: Reached on error, E5 (Groundball, 56S, EV 84.4 MPH)
|
|
Batting: LHB Ralph Bryant
|
0-0: Called Strike 0-1: Foul Ball, location: 2F 0-2: Ball 1-2: Fly out, F8 (Flyball, 89S, EV 92.5 MPH)
|
|
Batting: RHB Leo Vargas
|
0-0: Called Strike 0-1: Foul Ball, location: 2F 0-2: Foul Ball, location: 2F 0-2: Ground out U3 (Groundball, 34S, EV 88.1 MPH)
|
| Top of the 3rd over - 0 runs, 0 hits, 1 error, 1 left on base; Duluth-Superior 1 - Huron 1 |
| BOTTOM OF THE 3RD |
|
Huron Cubs batting - Pitching for Duluth-Superior Dukes : RHP William Mills
|
|
Batting: LHB Gary Varsho
|
0-0: SINGLE (Flyball, 8RS, EV 88.8 MPH)
|
|
Batting: RHB Ivan Calderon
|
0-0: Ball 1-0: Foul Ball, location: 2F 1-1: Called Strike 1-2: Foul Ball, location: 2F 1-2: Strikes out swinging Gary Varsho steals 2nd base Batter strikes out.
|
|
Batting: RHB Mark Carreon
|
0-0: Ball 1-0: DOUBLE (Line Drive, 89M, EV 91.3 MPH) Gary Varsho scores
|
|
Batting: RHB Greg Zunino
|
0-0: Ball 1-0: Called Strike 1-1: Called Strike 1-2: Ball 2-2: SINGLE (Line Drive, 89M, EV 90.6 MPH) Mark Carreon to third Runner from 3rd tries for Home, SAFE, throw by RF to home
|
|
Batting: RHB Mike Stellern
|
0-0: Ball 1-0: Called Strike 1-1: Foul Ball, location: 2F 1-2: Ball 2-2: Strikes out swinging
|
|
Batting: RHB Phillip Wilson
|
0-0: Called Strike 0-1: Foul Ball, location: 2F 0-2: Strikes out swinging
|
| Bottom of the 3rd over - 2 runs, 3 hits, 0 errors, 1 left on base; Duluth-Superior 1 - Huron 3 |
| TOP OF THE 4TH |
|
Duluth-Superior Dukes batting - Pitching for Huron Cubs : RHP Carlos Gil
|
|
Batting: SHB Garry Humpston
|
0-0: Ball 1-0: Called Strike 1-1: Swinging Strike 1-2: Strikes out looking
|
|
Batting: RHB Pete Rice
|
0-0: Ball 1-0: Swinging Strike 1-1: Swinging Strike 1-2: Ball 2-2: Ball 3-2: Foul Ball, location: 2F 3-2: Foul Ball, location: 2F 3-2: SINGLE (Groundball, 6S, EV 70.0 MPH) (infield hit)
|
|
Batting: RHB Gary Hinson
|
0-0: Foul Ball, location: 2F 0-1: SINGLE (Groundball, 6D, EV 98.8 MPH) Pete Rice to second
|
|
Batting: RHB Cecil Whitehead
|
0-0: Ball 1-0: Fly out, F4 (Popup, 4, EV 72.5 MPH)
|
|
Batting: RHB Hector Cervantes
|
0-0: Ball 1-0: Fly out, F8 (Flyball, 8RD, EV 101.3 MPH)
|
| Top of the 4th over - 0 runs, 2 hits, 0 errors, 2 left on base; Duluth-Superior 1 - Huron 3 |
| BOTTOM OF THE 4TH |
|
Huron Cubs batting - Pitching for Duluth-Superior Dukes : RHP William Mills
|
|
Batting: SHB Keith Smith
|
0-0: Ball 1-0: Ball 2-0: Ball 3-0: Called Strike 3-1: Foul Ball, location: 2F 3-2: Ground out 6-3 (Groundball, 6M, EV 100.0 MPH)
|
|
Batting: RHB Scot Holliday
|
0-0: Foul Ball, location: 2F 0-1: Ball 1-1: Foul Ball, location: 2F 1-2: Foul Ball, location: 2F 1-2: Strikes out swinging
|
|
Batting: SHB Chris Pittaro
|
0-0: Ball 1-0: Called Strike 1-1: Foul Ball, location: 2F 1-2: Foul Ball, location: 2F 1-2: Ball 2-2: SINGLE (Flyball, 4D, EV 88.8 MPH)
|
|
Batting: LHB Gary Varsho
|
0-0: Called Strike 0-1: Ball 1-1: Ball 2-1: Swinging Strike 2-2: Foul Ball, location: 2F 2-2: SINGLE (Flyball, 89S, EV 100.6 MPH) Chris Pittaro to second Runner from 2nd tries for 3rd, SAFE, throw by CF made to third
|
|
Batting: RHB Ivan Calderon
|
0-0: Ball 1-0: Fly out, F8 (Line Drive, 8RD, EV 91.9 MPH)
|
| Bottom of the 4th over - 0 runs, 2 hits, 0 errors, 2 left on base; Duluth-Superior 1 - Huron 3 |
| TOP OF THE 5TH |
|
Duluth-Superior Dukes batting - Pitching for Huron Cubs : RHP Carlos Gil
|
|
Batting: RHB Jim Ferguson
|
0-0: Fly out, F9 (Flyball, 9S, EV 81.3 MPH)
|
|
Batting: RHB Ricky Sheetz
|
0-0: Ball 1-0: Ball 2-0: Ball 3-0: Called Strike 3-1: Fly out, F8 (Line Drive, 8RD, EV 100.0 MPH)
|
|
Batting: LHB Ralph Bryant
|
0-0: Called Strike 0-1: Ball 1-1: Ground out 5-3 (Groundball, 56, EV 85.0 MPH)
|
| Top of the 5th over - 0 runs, 0 hits, 0 errors, 0 left on base; Duluth-Superior 1 - Huron 3 |
| BOTTOM OF THE 5TH |
|
Huron Cubs batting - Pitching for Duluth-Superior Dukes : RHP William Mills
|
|
Batting: RHB Mark Carreon
|
0-0: Ground out 5-3 (Groundball, 56, EV 90.6 MPH)
|
|
Batting: RHB Greg Zunino
|
0-0: Called Strike 0-1: Swinging Strike 0-2: Strikes out swinging
|
|
Batting: RHB Mike Stellern
|
0-0: Foul Ball, location: 2F 0-1: Foul Ball, location: 2F 0-2: Ball 1-2: SINGLE (Groundball, 56D, EV 96.3 MPH)
|
|
Batting: RHB Phillip Wilson
|
0-0: Ball 1-0: Ball 2-0: Foul Ball, location: 2F 2-1: SINGLE (Line Drive, 9LS, EV 108.1 MPH) Mike Stellern to second Runner from 2nd tries for 3rd, SAFE, throw by RF made to third
|
|
Batting: SHB Keith Smith
|
0-0: Ball 1-0: Foul Ball, location: 2F 1-1: Foul Ball, location: 2F 1-2: Fly out, F7 (Flyball, 78D, EV 95.6 MPH)
|
| Bottom of the 5th over - 0 runs, 2 hits, 0 errors, 2 left on base; Duluth-Superior 1 - Huron 3 |
| TOP OF THE 6TH |
|
Duluth-Superior Dukes batting - Pitching for Huron Cubs : RHP Carlos Gil
|
|
Batting: RHB Leo Vargas
|
0-0: Ball 1-0: Ball 2-0: Fly out, F4 (Line Drive, 4, EV 66.9 MPH)
|
|
Batting: SHB Garry Humpston
|
0-0: Ball 1-0: Ball 2-0: Ground out 5-3 (Groundball, 56S, EV 81.3 MPH)
|
|
Batting: RHB Pete Rice
|
0-0: Ball 1-0: Ball 2-0: Called Strike 2-1: Foul Ball, location: 2F 2-2: Foul Ball, location: 2F 2-2: Strikes out looking
|
| Top of the 6th over - 0 runs, 0 hits, 0 errors, 0 left on base; Duluth-Superior 1 - Huron 3 |
| BOTTOM OF THE 6TH |
|
Huron Cubs batting - Pitching for Duluth-Superior Dukes : RHP William Mills
|
|
Batting: RHB Scot Holliday
|
0-0: Called Strike 0-1: Ground out 6-3 (Groundball, 6, EV 76.9 MPH)
|
|
Batting: SHB Chris Pittaro
|
0-0: Called Strike 0-1: Ball 1-1: Foul Ball, location: 2F 1-2: Foul Ball, location: 2F 1-2: Ball 2-2: Strikes out swinging
|
|
Batting: LHB Gary Varsho
|
0-0: Ball 1-0: Ball 2-0: Called Strike 2-1: Ball 3-1: Base on Balls
|
|
Batting: RHB Ivan Calderon
|
0-0: Called Strike Gary Varsho steals 2nd base 0-1: Ball 1-1: Swinging Strike 1-2: Ball 2-2: Strikes out swinging
|
| Bottom of the 6th over - 0 runs, 0 hits, 0 errors, 1 left on base; Duluth-Superior 1 - Huron 3 |
| TOP OF THE 7TH |
|
Duluth-Superior Dukes batting - Pitching for Huron Cubs : RHP Carlos Gil
|
|
Batting: RHB Gary Hinson
|
0-0: Ball 1-0: Ball 2-0: Ball 3-0: Called Strike 3-1: Base on Balls
|
|
Batting: RHB Cecil Whitehead
|
0-0: Foul Ball, location: 2F 0-1: Ball 1-1: Ball Gary Hinson steals 2nd base 2-1: Ground out 6-3 (Groundball, 6, EV 78.8 MPH)
|
|
Batting: RHB Hector Cervantes
|
0-0: Swinging Strike 0-1: Ball 1-1: Ball 2-1: Called Strike 2-2: Strikes out swinging
|
|
Batting: RHB Jim Ferguson
|
0-0: Ball 1-0: Foul Ball, location: 2F 1-1: Ground out 6-3 (Groundball, 6, EV 105.6 MPH)
|
| Top of the 7th over - 0 runs, 0 hits, 0 errors, 1 left on base; Duluth-Superior 1 - Huron 3 |
| BOTTOM OF THE 7TH |
|
Huron Cubs batting - Pitching for Duluth-Superior Dukes : RHP William Mills
|
|
Batting: RHB Mark Carreon
|
0-0: Ball 1-0: Ball 2-0: Called Strike 2-1: Ball 3-1: Swinging Strike 3-2: Foul Ball, location: 2F 3-2: Base on Balls
|
|
Pitching: RHP Oscar Negron
|
|
|
Batting: RHB Greg Zunino
|
0-0: Called Strike 0-1: Ball 1-1: Ball 2-1: Called Strike Mark Carreon is caught stealing 2nd base 2-4 2-2: Foul Ball, location: 2F 2-2: SOLO HOME RUN (Flyball, 89XD, EV 101.3 MPH), Distance : 406 ft
|
|
Batting: RHB Mike Stellern
|
0-0: Ball 1-0: Ball 2-0: Ball 3-0: Base on Balls
|
|
Batting: RHB Phillip Wilson
|
0-0: Ball 1-0: Swinging Strike 1-1: Swinging Strike 1-2: Fly out, F9 (Flyball, 89D, EV 101.9 MPH)
|
|
Batting: SHB Keith Smith
|
0-0: Fly out, F9 (Flyball, 9D, EV 101.3 MPH)
|
| Bottom of the 7th over - 1 run, 1 hit, 0 errors, 1 left on base; Duluth-Superior 1 - Huron 4 |
| TOP OF THE 8TH |
|
Duluth-Superior Dukes batting - Pitching for Huron Cubs : RHP Carlos Gil
|
|
Batting: RHB Ricky Sheetz
|
0-0: Foul Ball, location: 2F 0-1: Swinging Strike 0-2: Ball 1-2: Ground out 6-3 (Groundball, 6, EV 106.3 MPH)
|
|
Batting: LHB Ralph Bryant
|
0-0: Ball 1-0: Ball 2-0: Ground out U3 (Groundball, 34, EV 105.0 MPH)
|
|
Batting: RHB Leo Vargas
|
0-0: Called Strike 0-1: SINGLE (Groundball, 34S, EV 72.5 MPH) (infield hit)
|
|
Batting: SHB Garry Humpston
|
0-0: Called Strike 0-1: Foul Ball, location: 2F 0-2: SINGLE (Flyball, 8LS, EV 87.5 MPH) Leo Vargas to second Runner from 2nd tries for 3rd, OUT! 7-5
|
| Top of the 8th over - 0 runs, 2 hits, 0 errors, 1 left on base; Duluth-Superior 1 - Huron 4 |
| BOTTOM OF THE 8TH |
|
Huron Cubs batting - Pitching for Duluth-Superior Dukes : RHP Oscar Negron
|
|
Batting: RHB Scot Holliday
|
0-0: Ball 1-0: Ball 2-0: Foul Ball, location: 2F 2-1: Swinging Strike 2-2: Ball 3-2: Base on Balls
|
|
Batting: SHB Chris Pittaro
|
0-0: Bunted foul 0-1: Sac Bunt to 5S - play at first, batter OUT! 5-4 Scot Holliday to second
|
|
Batting: LHB Gary Varsho
|
0-0: Ball 1-0: Called Strike 1-1: Fly out, F6 (Popup, 6D, EV 51.9 MPH)
|
|
Batting: RHB Ivan Calderon
|
0-0: Ball 1-0: Called Strike 1-1: Ball 2-1: Foul Ball, location: 2F 2-2: Ball 3-2: Foul Ball, location: 2F 3-2: 2-RUN HOME RUN (Flyball, 78XD, EV 93.8 MPH), Distance : 419 ft
|
|
Batting: RHB Mark Carreon
|
0-0: Ball 1-0: Called Strike 1-1: Ground out U3 (Groundball, 34, EV 103.8 MPH)
|
| Bottom of the 8th over - 2 runs, 1 hit, 0 errors, 0 left on base; Duluth-Superior 1 - Huron 6 |
| TOP OF THE 9TH |
|
Duluth-Superior Dukes batting - Pitching for Huron Cubs : RHP Carlos Gil
|
|
Batting: RHB Pete Rice
|
0-0: Foul Ball, location: 2F 0-1: Reached on error, E6 (Line Drive, 6, EV 75.0 MPH)
|
|
Batting: RHB Gary Hinson
|
0-0: Called Strike 0-1: Called Strike 0-2: Foul Ball, location: 2F 0-2: Strikes out looking
|
|
Batting: RHB Cecil Whitehead
|
0-0: Ball 1-0: Called Strike 1-1: Swinging Strike 1-2: Strikes out swinging
|
|
Batting: RHB Hector Cervantes
|
0-0: Ball 1-0: Foul Ball, location: 2F 1-1: Foul Ball, location: 2F 1-2: Foul Ball, location: 2F 1-2: Ball 2-2: Foul Ball, location: 2F 2-2: Ball 3-2: Strikes out swinging
|
| Top of the 9th over - 0 runs, 0 hits, 1 error, 1 left on base; Duluth-Superior 1 - Huron 6 |
|